 Dungeon Crawl Stone Soup version 0.31-a0-931-g7b59d4eb97 (webtiles) character file.

Game seed: 4478153811210595890

66203 pokeman the Sorcerer (level 14, -13/80 HPs)
             Began as a Deep Elf Hedge Wizard on Oct 20, 2023.
             Was a High Priest of Vehumet.
             Killed from afar by an oklob plant (24 damage)
             ... with a splash of acid
             ... on level 4 of the Lair of Beasts.
             The game lasted 01:04:10 (24888 turns).

pokeman the Sorcerer (Deep Elf Hedge Wizard)       Turns: 24888, Time: 01:04:11

Health: -13/80     AC:  5    Str:  7    XL:     14   Next: 78%
Magic:  41/41      EV: 12    Int: 25    God:    Vehumet [*****.]
Gold:   1874       SH:  0    Dex: 14    Spells: 30/55 levels left

rFire   + + .        Q - +3 Elemental Staff {ele, rElec rF+ rC+ AC+3}
rCold   . . .        (no shield)
rNeg    . . .        e - +3 leather armour
rPois   +            M - +1 hat {Will+}
rElec   +            q - +2 cloak
rCorr   .            w - +1 pair of gloves
SInv    .            j - +0 pair of boots
Will    ++...        x - amulet of magic regeneration
Stlth   ++           u - ring of fire
HPRegen 0.33/turn    m - ring of poison resistance
MPRegen 0.67/turn

%: no passive effects
@: corroded
A: no striking features
a: Renounce Religion


You were on level 4 of the Lair of Beasts.
You worshipped Vehumet.
Vehumet was extremely pleased with you.
You visited 3 branches of the dungeon, and saw 20 of its levels.
You also visited: Ice Cave.

You collected 3033 gold pieces.
You spent 1159 gold pieces at shops.

Inventory:

Hand Weapons
 p - the +7 sceptre of Torment {pain, torment}
   (You found it on level 3 of the Dungeon)
 Q - the +3 Elemental Staff (weapon) {ele, rElec rF+ rC+ AC+3}
   (You took it off a deep elf zephyrmancer on level 13 of the Dungeon)

   AC+3:      It affects your AC (+3).
   rF+:       It protects you from fire.
   rC+:       It protects you from cold.
   rElec:     It insulates you from electricity.
Missiles
 B - 3 throwing nets
 C - 14 curare-tipped darts
Armour
 e - a +3 leather armour (worn)
 j - a +0 pair of boots (worn)
 q - a +2 cloak (worn)
 w - a +1 pair of gloves (worn)
 M - a +1 hat of willpower (worn)
 R - a +0 buckler
Jewellery
 f - the ring "Purege" {*Slow rC+ Dex+6}
   (You found it in an ice cave)

   [ring of protection from cold]

   Dex+6:     It affects your dexterity (+6).
   rC+:       It protects you from cold.
   *Slow:     It may slow you when you take damage.
 m - a ring of poison resistance (right hand)
 t - a ring of wizardry
 u - a ring of fire (left hand)
 v - a ring of flight
 x - an amulet of magic regeneration (around neck)
 O - a ring of ice
Wands
 g - a wand of mindburst (6)
 i - a wand of digging (3)
 s - a wand of roots (42)
 A - a wand of polymorph (5)
 D - a wand of paralysis (8)
 K - a wand of light (7)
Scrolls
 h - a scroll of amnesia
 k - a scroll of enchant armour
 l - 14 scrolls of teleportation
 n - a scroll of vulnerability
 y - a scroll of fog
 F - 2 scrolls of revelation
 I - 2 scrolls of enchant weapon
 J - a scroll of poison
 P - 3 scrolls of blinking
Potions
 a - 5 potions of brilliance
 b - 6 potions of heal wounds
 c - 3 potions of might
 d - a potion of magic
 o - 3 potions of ambrosia {unknown}
 r - 7 potions of curing
 z - 5 potions of attraction
 E - a potion of enlightenment
 G - 2 potions of haste {unknown}
 H - a potion of resistance {unknown}
 L - 3 potions of mutation {unknown}
 N - 2 potions of berserk rage {unknown}


   Skills:
 - Level 6.0 Fighting
 - Level 6.2 Armour
 - Level 3.0 Dodging
 - Level 3.0 Stealth
 + Level 3.9 Shields
 * Level 21.0 Spellcasting
 + Level 12.8 Conjurations
 - Level 1.1 Summonings
 - Level 11.0 Necromancy
 - Level 1.1 Translocations
 + Level 8.4 Fire Magic
 - Level 1.0 Ice Magic
 - Level 1.2 Air Magic
 - Level 5.3 Earth Magic
 - Level 1.0 Poison Magic
 - Level 1.0 Evocations


You had 30 spell levels left.
You knew the following spells:

 Your Spells              Type           Power      Damage    Failure   Level
a - Magic Dart            Conj           100%       1d8       0%          1
b - Mephitic Cloud        Conj/Pois/Air  67%        N/A       1%          3
c - Call Imp              Summ           62%        N/A       2%          2
d - Blink                 Tloc           62%        N/A       2%          2
e - Foxfire               Conj/Fire      100%       2x1d9     1%          1
f - Starburst             Conj/Fire      54%        6d15      1%          6
g - Lee's Rapid Deconstr  Erth           34%        3d17*     1%          5
h - Freezing Cloud        Conj/Ice/Air   43%        6-21      2%          5

Your spell library contained the following spells:

 Spells                   Type           Power      Damage    Failure   Level
 Apportation              Tloc           62%        N/A       1%          1
 Necrotise                Necr           100%       1d9       1%          1
 Summon Small Mammal      Summ           100%       N/A       1%          1
 Cigotuvi's Dreadful Rot  Necr/Pois/Air  100%       N/A       1%          2
 Static Discharge         Conj/Air       100%       2-7/arc   1%          2
 Frozen Ramparts          Ice            92%        1d14      1%          3
 Slow                     Hex            100%       N/A       2%          1
 Ensorcelled Hibernation  Hex/Ice        86%        N/A       2%          2
 Lesser Beckoning         Tloc           62%        N/A       2%          2
 Anguish                  Hex/Necr       26%        N/A       2%          4
 Borgnjor's Vile Clutch   Necr/Erth      39%        N/A       2%          5
 Jinxbite                 Hex            52%        N/A       3%          2
 Gell's Gravitas          Tloc           31%        N/A       4%          3
 Teleport Other           Tloc           31%        N/A       4%          3
 Airstrike                Air            24%        2d(4-20)  4%          4
 Animate Armour           Summ/Erth      100%       N/A       6%          4
 Petrify                  Tmut/Erth      56%        N/A       8%          4
 Plasma Beam              Fire/Air       53%        2x1d68    13%         6
 Summon Lightning Spire   Summ/Air       48%        N/A       14%         4
 Cause Fear               Hex            13%        N/A       22%         4
 Alistair's Intoxication  Tmut/Pois      18%        N/A       45%         5
 Metabolic Englaciation   Hex/Ice        21%        N/A       45%         5
 Eringya's Noxious Bog    Tmut/Pois      14%        4d6       54%         6
 Enfeeble                 Hex            13%        N/A       100%        7


Dungeon Overview and Level Annotations

Branches:
Dungeon (15/15)            Temple (1/1) D:7            Lair (4/5) D:9
 Shoals (0/4) Lair:3       Spider (0/4) Lair:3        Slime (0/5) Lair:4
    Orc (0/2) D:10         Vaults (0/5) D:14         Depths (0/4) D:15
  IceCv (visited)

Altars:
Ashenzari
Cheibriados
Dithmenos
Elyvilon
Fedhas
Gozag
Hepliaklqana
Kikubaaqudgha
Makhleb
Nemelex Xobeh
Okawaru
Qazlal
Ru
Sif Muna
Trog
Uskayaw
Vehumet
Wu Jian
Xom
Yredelemnul
Zin
The Shining One

Shops:
D:1 ::?   D:13 (((

Annotations:
D:7 3 runed translucent doors, Mune's ghost, novice MiBe; retardedninja's ghost, novice MiFi
D:15 2 runed translucent doors, Jivasuuf's ghost, journeyman GrFi
Lair:4 exclusion: 3 oklob plants


Message History

Casting: Starburst (dangerous; 1% risk of failure)
Press: ? - help, Dir - look around, f - activate You feel a strong surge of power!
The bolt of fire misses the water moccasin.
The water moccasin bites you.
You are poisoned.
The water moccasin poisons you! The water moccasin closely misses you.
Casting: Starburst (dangerous; 1% risk of failure)
Confirm with . or Enter, or press ? or * to list all spells.
Casting: Starburst (dangerous; 1% risk of failure)
Press: ? - help, Dir - look around, f - activate You feel a strong surge of power!
The bolt of fire hits the water moccasin!!!
You kill the water moccasin!
Vehumet accepts your kill.
You feel very sick.
You feel sick.
You feel sick.
You start resting.
You feel sick. x5
You are no longer poisoned.
You start resting.
Magic restored.
You start resting.
HP restored.
The oklob plant spits acid at you. The splash of acid hits you!!
The acid corrodes you!
An oklob plant comes into view.
Found a staircase to the Slime Pits.
The oklob plant spits acid at you. The splash of acid hits you!!
The oklob plant spits acid at you. The splash of acid hits you!
The acid corrodes you! The oklob plant spits acid at you.
The splash of acid hits you!
* * * LOW HITPOINT WARNING * * *
The acid corrodes you!
Marking area around an oklob plant as unsafe for travelling.
The oklob plant spits acid at you. The splash of acid hits you!!
You die...

##########
#.#......###.#
###....@......##
#.....#.......P.
##....###......P
#.....###.#..P>
##.....#### #..
##.....### .
##[.....##
#.#.....##
#####....##


You could see 2 oklob plants.

Vanquished Creatures
  Gastronok (D:9)
  2 azure jellies (IceCv)
  A quicksilver ooze (IceCv)
  Erolcha (D:10)
  A vault guard (D:14)
  2 hydras
  8 centaur warriors
  A dancing weapon (D:14)
  2 two-headed ogres
  4 boulder beetles
  Urug (Lair:4)
  Sonja (Lair:4)
  Amaemon (Lair:3)
  5 skeletal warriors (D:15)
  2 deep elf pyromancers
  A deep elf zephyrmancer (D:13)
  An oklob plant (Lair:2)
  13 ugly things
  2 cyclopes
  A wolf spider (Lair:3)
  4 manticores
  5 elephants (Lair:4)
  A merfolk siren (Lair:3)
  Maurice (D:9)
  A black mamba (Lair:2)
  2 ice statues (IceCv)
  An orange demon (Lair:3)
  7 cane toads
  An unseen horror (D:10)
  5 kobold demonologists
  3 efreet (D:14)
  4 rime drakes
  12 komodo dragons
  2 tengu conjurers (D:13)
  3 trolls (D:12)
  3 meliai (D:13)
  2 polar bears
  A raiju (D:13)
  6 dream sheep (Lair:4)
  5 blink frogs (Lair:3)
  22 slime creatures
  An air elemental (D:13)
  A jumping spider (Lair:3)
  3 wyverns
  3 shadows
  A vampire (D:13)
  5 wraiths
  42 yaks
  3 basilisks
  3 vampire mosquitoes (D:12)
  An acid dragon (D:13)
  7 orc warriors
  10 water moccasins
  2 ice beasts
  2 sky beasts
  An ogre (D:10)
  A tengu (D:10)
  4 wolves (Lair:4)
  3 great orb of eyes simulacra (IceCv)
  25 centaurs
  5 kobold brigands
  4 slime creature simulacra (IceCv)
  20 bullfrogs
  3 scorpions
  4 glowing shapeshifter simulacra (IceCv)
  A water moccasin zombie (D:6)
  5 wights
  A water moccasin skeleton (D:6)
  A killer bee (D:8)
  5 howler monkeys
  3 hounds
  A bullfrog zombie (D:6)
  3 jellies (D:6)
  A gnoll bouda (D:8)
  2 orc priests
  A sleepcap (D:7)
  3 iguanas
  6 orc wizards
  5 shapeshifter simulacra (IceCv)
  A howler monkey zombie (D:6)
  10 gnolls
  4 adders
  A white imp (D:8)
  5 worms
  A dart slug (D:1)
  33 orcs
  8 ball pythons
  7 bats
  6 endoplasms
  3 giant cockroaches (D:1)
  6 goblins
  7 hobgoblins
  22 kobolds
  5 quokkas
  2 frilled lizards
  9 rats
464 creatures vanquished.

Vanquished Creatures (collateral kills)
  A wyvern zombie (D:6)
  An orc (D:7)
  A kobold (D:7)
3 creatures vanquished.

Vanquished Creatures (others)
  An orc priest (D:6)
  29 foxfires
30 creatures vanquished.

Grand Total: 497 creatures vanquished

Notes
Turn   | Place    | Note
-------+----------+-------------------------------------------
     0 | D:1      | pokeman the Deep Elf Hedge Wizard began the quest for the
                  | Orb.
     0 | D:1      | Reached XP level 1. HP: 10/10 MP: 7/7
    58 | D:1      | Found Zolin's Book Shoppe.
   175 | D:1      | Reached XP level 2. HP: 13/16 MP: 1/9
   726 | D:1      | Reached skill level 5 in Spellcasting
   848 | D:1      | Found Qesit's Magic Scroll Shop.
   904 | D:1      | Found Zuzam's Book Shop.
  1069 | D:1      | Reached XP level 3. HP: 20/20 MP: 8/11
  1073 | D:1      | Learned a level 3 spell: Mephitic Cloud
  1076 | D:1      | Learned a level 2 spell: Call Imp
  1079 | D:1      | Learned a level 2 spell: Blink
  1770 | D:2      | Reached skill level 1 in Armour
  1882 | D:2      | Reached skill level 1 in Fighting
  2275 | D:3      | Reached XP level 4. HP: 25/25 MP: 4/13
  2478 | D:3      | Found the +7 sceptre of Torment {pain, torment}
  2989 | D:3      | Reached skill level 6 in Spellcasting
  3251 | D:3      | Found an ancient bone altar of Kikubaaqudgha.
  3345 | D:4      | Reached XP level 5. HP: 29/29 MP: 15/15
  3475 | D:4      | Found an opulent altar of Gozag.
  3505 | D:4      | Reached skill level 1 in Poison Magic
  3542 | D:4      | Reached skill level 1 in Evocations
  3808 | D:4      | Found an ornate altar of the Wu Jian Council.
  3839 | D:4      | Found a blossoming altar of Fedhas.
  3844 | D:4      | Found a glowing silver altar of Zin.
  3887 | D:4      | Reached skill level 1 in Necromancy
  3887 | D:4      | Reached XP level 6. HP: 22/34 MP: 1/17
  4075 | D:4      | Found a snail-covered altar of Cheibriados.
  4219 | D:5      | Entered Level 5 of the Dungeon
  4237 | D:5      | Reached skill level 7 in Spellcasting
  4237 | D:5      | Reached skill level 1 in Air Magic
  4331 | D:5      | Noticed a wyvern
  4340 | D:5      | Killed a wyvern
  4538 | D:5      | Reached XP level 7. HP: 30/38 MP: 14/20
  5054 | D:6      | Found a basalt altar of Yredelemnul.
  5070 | D:6      | Found a broken altar of Ashenzari.
  5091 | D:6      | Reached skill level 8 in Spellcasting
  5133 | D:6      | Found a shadowy altar of Dithmenos.
  5277 | D:6      | Found a radiant altar of Vehumet.
  5302 | D:6      | Became a worshipper of Vehumet
  5358 | D:6      | Reached skill level 9 in Spellcasting
  5358 | D:6      | Reached XP level 8. HP: 44/44 MP: 15/23
  5425 | D:6      | Reached skill level 5 in Conjurations
  5435 | D:6      | Reached skill level 10 in Spellcasting
  5439 | D:6      | Reached skill level 5 in Necromancy
  5594 | D:6      | Reached XP level 9. HP: 28/48 MP: 20/25
  6142 | D:6      | Found a glowing golden altar of the Shining One.
  6155 | D:6      | Noticed an angel
  6276 | D:7      | Reached skill level 11 in Spellcasting
  6578 | D:7      | Noticed a kobold demonologist
  6633 | D:7      | Reached * piety under Vehumet
  6633 | D:7      | Offered knowledge of Sandblast by Vehumet.
  6775 | D:7      | Killed a kobold demonologist
  6930 | D:7      | Reached skill level 12 in Spellcasting
  7067 | D:7      | Found a staircase to the Ecumenical Temple.
  7303 | D:7      | Found a runed translucent gate.
  7303 | D:7      | Found a runed translucent gate.
  7305 | D:7      | Found a runed translucent gate.
  7306 | D:7      | Noticed retardedninja's ghost (novice MiFi)
  7306 | D:7      | Noticed Mune's ghost (novice MiBe)
  7560 | D:7      | Learned a level 5 spell: Lee's Rapid Deconstruction
  7849 | D:8      | Found a white marble altar of Elyvilon.
  7859 | D:8      | Reached skill level 1 in Earth Magic
  7859 | D:8      | Reached XP level 10. HP: 35/56 MP: 24/28
  8568 | D:8      | Offered knowledge of Scorch by Vehumet.
  8607 | D:8      | Found a bloodstained altar of Trog.
  8768 | D:8      | Reached ** piety under Vehumet
  8769 | D:8      | Reached skill level 13 in Spellcasting
  8879 | D:8      | Found a sacrificial altar of Ru.
  8942 | D:8      | Found a hazy altar of Hepliaklqana.
  9032 | D:8      | Found a sparkling altar of Nemelex Xobeh.
  9469 | D:9      | Noticed Maurice
  9477 | D:9      | Noticed Gastronok
  9483 | D:9      | Killed Maurice
  9783 | D:10     | Entered Level 10 of the Dungeon
 10029 | D:10     | Reached skill level 14 in Spellcasting
 10056 | D:10     | Reached XP level 11. HP: 25/61 MP: 28/31
 10060 | D:10     | Noticed a two-headed ogre
 10178 | D:10     | Found a staircase to the Orcish Mines.
 10292 | D:10     | Killed a two-headed ogre
 10521 | D:10     | Noticed Erolcha
 10529 | D:10     | Killed Erolcha
 10811 | D:10     | Offered knowledge of Dazzling Flash by Vehumet.
 11230 | D:9      | Found a staircase to the Lair.
 11252 | D:9      | Reached *** piety under Vehumet
 11861 | D:11     | Identified the "Mesuabbe"
 11861 | D:11     | Identified the "Otuovo"
 11861 | D:11     | Identified the "Xypaefeyl"
 11911 | D:11     | Reached skill level 15 in Spellcasting
 11911 | D:11     | Reached skill level 5 in Earth Magic
 11971 | D:11     | Found a shimmering blue altar of Sif Muna.
 12271 | D:11     | Noticed a cyan ugly thing
 12282 | D:11     | Killed a cyan ugly thing
 12283 | D:11     | Reached skill level 5 in Armour
 12284 | D:11     | Offered knowledge of Flame Wave by Vehumet.
 12793 | D:11     | Noticed a boulder beetle
 12818 | D:11     | Killed a boulder beetle
 13884 | D:12     | Reached **** piety under Vehumet
 13931 | D:12     | Reached skill level 16 in Spellcasting
 13931 | D:12     | Reached XP level 12. HP: 67/67 MP: 14/34
 14034 | D:12     | Offered knowledge of Arcjolt by Vehumet.
 14528 | D:1      | Bought a scroll of blinking for 82 gold pieces
 14528 | D:1      | Bought a scroll of identify for 22 gold pieces
 14528 | D:1      | Bought a scroll of acquirement for 572 gold pieces
 14528 | D:1      | Bought a scroll of teleportation for 33 gold pieces
 14528 | D:1      | Bought a scroll of teleportation for 33 gold pieces
 14529 | D:1      | Identified the "Goetuudd" (You acquired it on level 1 of
                  | the Dungeon)
 14529 | D:1      | Acquired 864 gold pieces
 14531 | D:1      | Acquired 776 gold pieces
 14534 | D:1      | Bought a scroll of teleportation for 33 gold pieces
 14569 | D:1      | Bought a book of Fire for 384 gold pieces
 14571 | D:1      | Learned a level 1 spell: Foxfire
 14578 | D:1      | Learned a level 6 spell: Starburst
 15230 | D:9      | Killed Gastronok
 15434 | D:13     | Noticed a centaur warrior
 15442 | D:13     | Killed a centaur warrior
 15443 | D:13     | Reached skill level 5 in Fighting
 15443 | D:13     | Reached skill level 10 in Necromancy
 15547 | D:13     | Reached skill level 1 in Fire Magic
 15657 | D:13     | Noticed a boulder beetle
 15673 | D:13     | Killed a boulder beetle
 15674 | D:13     | Reached skill level 10 in Conjurations
 15793 | D:13     | Noticed a two-headed ogre
 15798 | D:13     | Killed a two-headed ogre
 15890 | D:13     | Reached skill level 17 in Spellcasting
 15998 | D:13     | Found Bualush's Weapon Boutique.
 16054 | D:13     | Found Cicasa's Weapon Boutique.
 16054 | D:13     | Noticed a centaur warrior
 16067 | D:13     | Killed a centaur warrior
 16228 | D:13     | Noticed a centaur warrior
 16232 | D:13     | Killed a centaur warrior
 16308 | D:13     | Found Fykkazid's Antique Weapon Emporium.
 16471 | D:13     | Noticed a centaur warrior
 16479 | D:13     | Killed a centaur warrior
 16849 | D:13     | Noticed a boulder beetle
 16861 | D:13     | Killed a boulder beetle
 17010 | D:13     | Reached XP level 13. HP: 32/74 MP: 21/36
 17383 | D:14     | Reached skill level 18 in Spellcasting
 17457 | D:14     | Reached ***** piety under Vehumet
 17564 | D:14     | Offered knowledge of Ozocubu's Refrigeration by Vehumet.
 17828 | D:14     | Reached skill level 5 in Fire Magic
 18179 | D:14     | Found a gate to the Vaults.
 18391 | D:15     | Entered Level 15 of the Dungeon
 18800 | D:15     | Reached skill level 19 in Spellcasting
 19383 | D:15     | Found a staircase to the Depths.
 19383 | D:15     | Noticed a fire giant
 19719 | D:15     | Found a runed translucent door.
 19737 | D:15     | Noticed a sphinx
 19738 | D:15     | Noticed a lich
 19740 | D:15     | Noticed Jivasuuf's ghost (journeyman GrFi)
 19745 | D:15     | Found a runed translucent door.
 19958 | Temple   | Entered the Ecumenical Temple
 20098 | Lair:1   | Entered Level 1 of the Lair of Beasts
 20857 | Lair:2   | Found a frozen archway.
 20859 | Lair:2   | Reached skill level 1 in Shields
 20916 | IceCv    | Entered an ice cave
 20945 | IceCv    | Reached XP level 14. HP: 80/80 MP: 34/39
 21331 | IceCv    | Noticed a quicksilver ooze
 21334 | IceCv    | Killed a quicksilver ooze
 21377 | IceCv    | Noticed an azure jelly
 21379 | IceCv    | Killed an azure jelly
 21406 | IceCv    | Found a viscous altar of Jiyva.
 21406 | IceCv    | Noticed an azure jelly
 21409 | IceCv    | Killed an azure jelly
 21476 | IceCv    | Got the ring "Purege" {*Slow rC+ Dex+6}
 21747 | IceCv    | Reached skill level 20 in Spellcasting
 21839 | IceCv    | Offered knowledge of Freezing Cloud by Vehumet.
 21846 | IceCv    | Learned a level 5 spell: Freezing Cloud
 22896 | Lair:2   | Reached skill level 1 in Ice Magic
 23444 | Lair:3   | Found a hole to the Spider Nest.
 23610 | Lair:3   | Found a staircase to the Shoals.
 23800 | Lair:3   | Noticed Amaemon
 23808 | Lair:3   | Killed Amaemon
 24334 | Lair:4   | Noticed Sonja
 24346 | Lair:4   | Killed Sonja
 24631 | Lair:4   | Noticed Urug
 24635 | Lair:4   | Killed Urug
 24636 | Lair:4   | Reached skill level 21 in Spellcasting
 24667 | Lair:4   | Identified the +11 spear of Hepliaklqana's Envy {heavy,
                  | Int+3}
 24887 | Lair:4   | Found a staircase to the Slime Pits.
 24888 | Lair:4   | Killed from afar by an oklob plant

Illustrated notes

Levels and vault maps discovered:
D:1:      minmay_arrival_doors, layout_loops_ring, serial_shops, shop,
          nicolae_shop_rolled_up, shop, serial_glass, glass_columns_a,
          glass_columns_c
D:2:      layout_basic
D:3:      layout_basic, lemuel_tele_altar, minmay_misc_feat_five
D:4:      layout_basic, minitemple, kennysheep_mini_moat, chei_slow_surprise,
          nicolae_wu_jian_wuxing_cycle
D:5:      layout_loops_ring, minmay_misc_feat_rows
D:6:      layout_loops_ring, grunt_temple_overflow_holy_war,
          mainiacjoe_overflow_small_starburst, mainiacjoe_overflow_boulevard,
          nicolae_overflow_crystal_walls, serial_undead, serial_undead_d,
          serial_undead_f, serial_undead_a, serial_undead_c
D:7:      layout_loops_corners, minmay_temple_entry_sparse_star,
          gammafunk_ghost_cemetery, kb_rosetta
D:8:      layout_basic, lemuel_crystal_altar, worldfamousw_hep_ancestral_shrine,
          lemuel_round_altar, mainiacjoe_overflow_concentric_impassable,
          minmay_ruined_shrine
D:9:      layout_basic, david_lair_shrubbed, uniq_maurice, uniq_gastronok
D:10:     layout_basic, erik_orc_3, uniq_erolcha
D:11:     layout_rooms, nicolae_sif_muna_little_library
D:12:     layout_roguey, nicolae_benzene_ring
D:13:     layout_roguey, serial_shops, shop, nicolae_shop_real_fake_doors,
          nicolae_shop_bloodbath_and_beyond,
          dilly_guarded_unrand_elemental_staff
D:14:     layout_big_octagon, erik_vaults_1, nicolae_titane
D:15:     grunt_enter_depths_giant_problem, layout_loops_cross,
          bh_walls_and_bars, muffindrake_ghost_dual_entry
Temple:   hellmonk_temple_two_chambers
Lair:1:   layout_long_grid, infiniplex_staircase_pool
Lair:2:   layout_small_grid, portal_ice_cave_rime, st_stairs_10,
          minmay_lair_oklob_items, grunt_megastairs_1
Lair:3:   layout_gridlike, minmay_shoals_entry_lonely_mermaid,
          spider_nest_entry_rubble, columned_hall_lemuel, grunt_megastairs_4,
          uniq_amaemon
Lair:4:   layout_misc_corridors, minmay_slime_entry_oklob_enclosed,
          lemuel_fruit_tree, grunt_megastairs_2, serial_bayou_shore_b,
          serial_bayou_shore_b, uniq_urug, uniq_sonja

Skill      XL: |  1  2  3  4  5  6  7  8  9 10 11 12 13 14 |
---------------+-------------------------------------------+-----
Spellcasting   | 5 6 7 9 10 12 14 16 17 19 21 | 21.0
Armour         | 1 3 4 5 6 |  6.2
Fighting       | 1 2 3 4 5 6 |  6.0
Conjurations   | 2 3 4 5 7 8 9 10 11 12 | 12.8
Dodging        | 3 |  3.0
Stealth        | 3 |  3.0
Poison Magic   | 1 |  1.0
Evocations     | 1 |  1.0
Necromancy     | 1 2 3 5 6 8 9 10 11 | 11.0
Air Magic      | 1 |  1.2
Earth Magic    | 1 4 5 |  5.3
Fire Magic     | 3 6 8 |  8.4
Shields        | 1 3 |  3.9
Ice Magic      | 1 |  1.0
Summonings     | |  1.1
Translocations | |  1.1

Action                     |  1- 3 |  4- 6 |  7- 9 | 10-12 | 13-15 || total
---------------------------+-------+-------+-------+-------+-------++-------
  Melee: Dagger            |    14 |       |       |       |       ||    14
         Morningstar       |       |    19 |       |       |       ||    19
         Eveningstar       |       |    19 |   100 |   232 |       ||   351
         Punch             |       |     1 |     4 |     4 |       ||     9
         Staff             |       |       |       |       |    22 ||    22
   Cast: Magic Dart        |   107 |   106 |   154 |   139 |     4 ||   510
         Mephitic Cloud    |       |     7 |    18 |    62 |     5 ||    92
         Call Imp          |       |       |    10 |     3 |       ||    13
         Blink             |       |       |     1 |     4 |     1 ||     6
         Lee's Rapid Decon |       |       |       |    49 |    59 ||   108
         Starburst         |       |       |       |    36 |   155 ||   191
         Foxfire           |       |       |       |    10 |     5 ||    15
  Evoke: Wand              |       |       |       |    12 |       ||    12
    Use: Scroll            |       |       |       |     3 |    16 ||    19
   Stab: Confused          |       |     2 |     7 |    13 |       ||    22
         Sleeping          |       |     1 |       |     2 |       ||     3
         Distracted        |       |       |     1 |       |       ||     1
         Paralysed         |       |       |       |     6 |       ||     6
 Armour: Robe              |     7 |       |       |       |       ||     7
         Leather armour    |     7 |    41 |    96 |   280 |    85 ||   509
  Dodge: Dodged            |    13 |    44 |    83 |   166 |    59 ||   365

Table legend: (Time is in decaauts)
 A = Elapsed time spent in this place.
 B = Non-inter-level travel time spent in this place.
 C = Inter-level travel time spent in this place.
 D = Time resting spent in this place.
 E = Time spent auto-exploring this place.
 F = Levels seen in this place.
 G = Mean time per level.
                   A        B        C        D        E       F      G
               +--------+--------+--------+--------+--------+-----+--------+
         Total |  25153 |  23646 |   1507 |   2165 |  17866 |  21 | 1197.8 |
       Dungeon |  20322 |  18894 |   1428 |   1991 |  13990 |  15 | 1354.8 |
        Temple |     41 |     38 |      3 |      0 |      0 |   1 |   41.0 |
          Lair |   3775 |   3700 |     75 |     95 |   3172 |   4 |  943.8 |
      Ice Cave |   1013 |   1013 |      0 |     79 |    704 |   1 | 1013.0 |
               +--------+--------+--------+--------+--------+-----+--------+

Top non-repeatable levels by time:
     D:8: 2185 daAuts
    D:13: 1842 daAuts
    D:10: 1744 daAuts
    D:14: 1638 daAuts
     D:7: 1619 daAuts
  Lair:2: 1459 daAuts
     D:1: 1453 daAuts
     D:9: 1303 daAuts
    D:11: 1285 daAuts
     D:6: 1257 daAuts
    D:12: 1120 daAuts
     D:2: 1078 daAuts
     D:3: 1076 daAuts
  Lair:3: 1028 daAuts
   IceCv: 1013 daAuts
